 Dungeon Crawl Stone Soup version 0.25-a0-731-g0472a16 (webtiles) character file.

Game seed: 9213861319575991418, levelgen mode: deterministic

14 BlueFish the Magician (level 2, -1/19 HPs)
             Began as a Mummy Wizard on Apr 8, 2020.
             Slain by a hobgoblin
             ... wielding a +0 club
              (4 damage)
             ... on level 1 of the Dungeon.
             The game lasted 00:01:25 (928 turns).

BlueFish the Magician (Mummy Wizard)                 Turns: 928, Time: 00:01:25

Health: -1/19      AC:  2    Str: 10    XL:     2   Next: 27%
Magic:  1/7        EV: 12    Int: 17    God:
Gold:   12         SH:  0    Dex: 10    Spells: 2/9 levels left

rFire    x . .     SeeInvis .   e - +0 spear
rCold    + . .     Gourm    .   (no shield)
rNeg     + + +     Faith    .   a - +0 robe
rPois    ∞         Spirit   .   b - +0 hat
rElec    .         Reflect  .   (no cloak)
rCorr    .         Harm     .   (no gloves)
MR       .....                  (no boots)
Stlth    ++........             (no amulet)
HPRegen  0.06/turn              (no ring)
MPRegen  0.10/turn              (no ring)

@: no status effects
A: no food or potions, fire vulnerability, cold resistance 1, negative energy
resistance 3, torment resistance, unbreathing
a: no special abilities


You were on level 1 of the Dungeon.
You were not hungry.

You visited 1 branch of the dungeon, and saw 1 of its levels.

You collected 12 gold pieces.

Inventory:

Hand Weapons
 d - a +0 short sword
 e - a +0 spear (weapon)
Armour
 a - a +0 robe (worn)
 b - a +0 hat (worn)
Scrolls
 c - a scroll of random uselessness {unknown}


   Skills:
 * Level 1.8 Dodging
 * Level 1.9 Stealth
 * Level 4.4 Spellcasting
 + Level 0.8 Conjurations
 + Level 0.7 Summonings
 + Level 0.7 Translocations


You had 2 spell levels left.
You knew the following spells:

 Your Spells              Type           Power        Failure   Level  Hunger
a - Magic Dart            Conj           #...         11%         1    N/A
b - Blink                 Tloc           N/A          17%         2    N/A
c - Call Imp              Summ           #.......     17%         2    N/A
d - Slow                  Hex            #.......     22%         2    N/A

Your spell library contained the following spells:

 Spells                   Type           Power        Failure   Level  Hunger
 Conjure Flame            Conj/Fire      #.......     36%         3    N/A
 Mephitic Cloud           Conj/Pois/Air  #.......     38%         3    N/A

Dungeon Overview and Level Annotations

Branches:
Dungeon (1/15)

Altars:


Innate Abilities, Weirdness & Mutations

You do not eat or drink.
Your flesh is vulnerable to fire.
You are immune to poison.
Your flesh is cold resistant. (rC+)
You are immune to negative energy. (rN+++)
You are immune to unholy pain and torment.
You can survive without breathing.


Message History

You hit the hobgoblin but do no damage.
The hobgoblin is almost dead.
The hobgoblin closely misses you.
Your magical contamination has completely faded away.
You barely miss the hobgoblin.
The hobgoblin is almost dead.
The hobgoblin closely misses you.
You closely miss the hobgoblin.
The hobgoblin is almost dead.
The hobgoblin hits you with a +0 club.
* * * LOW HITPOINT WARNING * * *
Casting: Magic Dart (safe; 11% risk of failure)
Confirm with . or Enter, or press ? or * to list all spells.
Aiming: Magic Dart (safe; 11% risk of failure)
Press: ? - help, Shift-Dir - straight line, f/p - hobgoblin
Aim: a hobgoblin, wielding a +0 club and wearing a +0 ring mail (almost dead)
The magic dart hits the hobgoblin but does no damage.
The hobgoblin is almost dead.
The hobgoblin hits you with a +0 club.
You die...

.. ##.## # #... ♣♣..#
#.###...####.#...♣♣♣♣...#
#..........#.#..........##
..#(........#...##.###...>.
#..........###.....###.####
#.......#.#.#.###...##
####.....# #.........##
........#######.######
######..gg@.....#
############


You could see a hobgoblin and a goblin.

Vanquished Creatures
  A dart slug (D:1)
  A hobgoblin (D:1)
  3 jackals (D:1)
  2 bats (D:1)
  A frilled lizard (D:1)
  2 kobolds (D:1)
  2 rats (D:1)
12 creatures vanquished.

Notes
Turn   | Place    | Note
-------+----------+-------------------------------------------
     0 | D:1      | BlueFish the Mummy Wizard began the quest for the Orb.
     0 | D:1      | Reached XP level 1. HP: 13/13 MP: 5/5
   368 | D:1      | Reached XP level 2. HP: 6/19 MP: 0/7
   372 | D:1      | Learned a level 2 spell: Blink
   375 | D:1      | Learned a level 2 spell: Call Imp
   378 | D:1      | Learned a level 2 spell: Slow
   928 | D:1      | Slain by a hobgoblin

Levels and vault maps discovered:
D:1:      lightli_arrival_noodles, layout_loops_ring, chequers_garden,
          hangedman_decor_push, hangedman_decor_clover_reticule, nrook_campfire

Action                   || total
-------------------------++-------
Melee: Unarmed           ||    13
       Spear             ||    14
 Cast: Magic Dart        ||    36
Armor: Robe              ||     5
Dodge: Dodged            ||    20

Table legend:
 A = Non-vault XP
 B = Vault XP
 C = Vault XP percentage of total XP
 D = Non-vault monster count
 E = Vault monster count
 F = Vault count percentage of total count
                 A         B        C        D         E       F
            +---------+---------+-------+---------+---------+-------
      Total |      20 |       0 |   0.0 |      12 |       0 |   0.0
            +---------+---------+-------+---------+---------+-------
        D:1 |      20 |       0 |   0.0 |      12 |       0 |   0.0
            +---------+---------+-------+---------+---------+-------
